 Dungeon Sprint DCSS version 0.26-a0-1147-g3780a7a11b (webtiles) character file.

Game seed: 5261712653758770343

8183 rocky1 the Earth Mage (level 11, -3/75 HPs)
             Began as a Formicid Earth Elementalist on Dec 23, 2020.
             Was the Champion of Cheibriados.
             Killed from afar by a nagaraja (5 damage)
             ... with a poison arrow
             ... while petrified by a basilisk
             ... in the Dungeon (Sprint VII: "The Pits").
             The game lasted 00:13:14 (2185 turns).

rocky1 the Earth Mage (Formicid Earth Elementalist) Turns: 2185, Time: 00:13:15

Health: -3/75      AC:  3    Str: 27    XL:     11   Next: 51%
Magic:  24/27      EV: -1    Int: 34    God:    Cheibriados [******]
Gold:   0          SH:  0    Dex: 26    Spells: 21/34 levels left

rFire    . . .     SeeInvis +   k - +1 long sword (flame)
rCold    . . .     Faith    .   (no shield)
rNeg     + + +     Spirit   .   c - +0 robe
rPois    ∞         Reflect  .   (helmet unavailable)
rElec    .         Harm     .   q - +0 cloak
rCorr    .         Rampage  .   (no gloves)
Will     +....                  (no boots)
Stlth    +++.......             (no amulet)
HPRegen  0.22/turn              (no ring)
MPRegen  0.20/turn              (no ring)

@: petrified, constricted, very slow
A: permanent stasis, dig shafts and tunnels, four strong arms, antennae 3
a: Dig, Renounce Religion, Bend Time, Temporal Distortion, Slouch, Step From
Time


You were in the Dungeon.
You worshipped Cheibriados.
Cheibriados was exalted by your worship.
You visited 1 branch

Inventory:

Hand Weapons
 j - a +2 falchion of protection
 k - a +1 long sword of flaming (weapon)
 r - the +2 scimitar of Tenacity {drain, +Inv Str+2 SInv}
   (You found it in the Dungeon)

   A truly terrible weapon, it drains the life of those it strikes.
   It affects your strength (+2).
   It lets you see invisible.
   It lets you turn invisible.
 s - a +2 morningstar of holy wrath
Missiles
 b - 16 stones (quivered)
Armour
 c - a +0 robe (worn)
 q - a +0 cloak (worn)
Jewellery
 l - a +3 ring of strength
 m - a +3 ring of evasion
Scrolls
 g - 3 scrolls of remove curse
 h - 5 scrolls of amnesia
 i - a scroll of summoning
Potions
 a - 2 potions of invisibility
 d - 7 potions of curing
 e - 11 potions of heal wounds
 f - 4 potions of magic
 n - 3 potions of resistance
 o - 2 potions of might
 p - a potion of brilliance


   Skills:
 + Level 3.0 Fighting
 + Level 11.5 Long Blades
 + Level 3.0 Armour
 + Level 3.3 Dodging
 + Level 4.5 Stealth
 + Level 12.0 Spellcasting
 - Level 1.1 Transmutations
 - Level 19.0 Earth Magic
 - Level 13.6 Invocations
 + Level 0.8 Evocations


You had 21 spell levels left.
You knew the following spells:

 Your Spells              Type           Power        Failure   Level
a - Sandblast             Erth           100%         0%          1
b - Stone Arrow           Conj/Erth      100%         1%          3
c - Lee's Rapid Deconstr  Erth           50%          1%          5
d - Petrify               Tmut/Erth      73%          1%          4

Your spell library contained the following spells:

 Spells                   Type           Power        Failure   Level
 Passwall                 Tmut/Erth      60%          1%          2


Dungeon Overview and Level Annotations

Branches:
Dungeon (1/1)

Altars:
Ashenzari
Cheibriados
Dithmenos
Elyvilon
Fedhas
Gozag
Hepliaklqana
Kikubaaqudgha
Makhleb
Nemelex Xobeh
Okawaru
Qazlal
Ru
Sif Muna
Trog
Uskayaw
Vehumet
Wu Jian
Xom
Yredelemnul
Zin
The Shining One
Beogh
Jiyva
Lugonu


Innate Abilities, Weirdness & Mutations

You cannot be hasted, slowed, berserked, paralysed or teleported.
You can dig through walls and to a lower floor.
Your four strong arms can wield two-handed weapons with a shield.
You have a pair of large antennae on your head. (SInv)


Message History

The water moccasin barely misses you. The troll bites you!!
The troll claws you! x2; The water moccasin bites you.
The orc knight roars a battlecry!
The orcs go into a battle-frenzy!
The water moccasin bites you. The water moccasin bites you!
The water moccasin bites you. x2; The troll bites you!
The troll claws you. x2
The water moccasin bites you but does no damage.
The nagaraja hits you!!
* * * LOW HITPOINT WARNING * * *
The nagaraja grabs you.
* * * LOW HITPOINT WARNING * * *
The nagaraja constricts you! The troll bites you.
* * * LOW HITPOINT WARNING * * *
The troll claws you. The troll claws you!
* * * LOW HITPOINT WARNING * * *
The water moccasin bites you.
The nagaraja gestures at you while chanting.
The poison arrow hits you! You partially resist.
You die...

')###### ))############
###### ..))..)..'...###
..... ..)...'..'.....##
.... .....##..##.....##
.N.# ...###....###....#
S..#
..##........###.###.l#
''#...#..#...#...S#l.#
..)).........'..@Noo.+
''#...#..#...#...T#o.#
..##........###.###..#
.)(###....###....# ..o#
.....##..##.....##V..{#
#.....'..'.....## ..oo
###...'..'...### .....
############ ######


You could see a nagaraja, an orc knight, a troll, a basilisk, an orc sorcerer
(strong), a water moccasin and an orc (strong).

Vanquished Creatures
  Erolcha (D)
  5 skeletal warriors (D)
  An unseen horror (D)
  A deep elf mage (D)
  A manticore (D)
  A cyclops (D)
  A cane toad (D)
  Psyche (D)
  3 ice devils (D)
  A redback (D)
  A shadow (D)
  A flying skull (D)
  A ynoxinul (D)
  A spriggan (D)
  2 floating eyes (D)
  A swamp drake (D)
  2 sky beasts (D)
  A centaur (D)
  A big kobold (D)
  A gnoll sergeant (D)
  A scorpion (D)
  3 wights (D)
  2 orc priests (D)
  An iron imp (D)
  2 mummies (D)
  5 gnolls (D)
  A river rat (D)
  A white imp (D)
  An ooze (D)
  A worm (D)
  5 orcs (D)
  A giant cockroach (D)
  A goblin (D)
  2 hobgoblins (D)
  A quokka (D)
  A ball python zombie (D)
  2 quokka skeletons (D)
  A rat (D)
60 creatures vanquished.

Notes
Turn   | Place    | Note
-------+----------+-------------------------------------------
     0 | D        | rocky1 the Formicid Earth Elementalist began the quest for
                  | the Orb.
     0 | D        | Reached XP level 1. HP: 13/13 MP: 3/3
    13 | D        | Reached skill level 4 in Earth Magic
    18 | D        | Found a bloodstained altar of Trog.
    18 | D        | Found a shimmering blue altar of Sif Muna.
    18 | D        | Found a viscous altar of Jiyva.
    18 | D        | Found a hazy altar of Hepliaklqana.
    18 | D        | Found an opulent altar of Gozag.
    44 | D        | Found a glowing golden altar of the Shining One.
    44 | D        | Found a glowing silver altar of Zin.
    44 | D        | Found a basalt altar of Yredelemnul.
    44 | D        | Found a shimmering altar of Xom.
    44 | D        | Found an ornate altar of the Wu Jian Council.
    44 | D        | Found a sacrificial altar of Ru.
    44 | D        | Found a stormy altar of Qazlal.
    44 | D        | Found an iron altar of Okawaru.
    44 | D        | Found a sparkling altar of Nemelex Xobeh.
    44 | D        | Found a burning altar of Makhleb.
    44 | D        | Found a blossoming altar of Fedhas.
    44 | D        | Found a white marble altar of Elyvilon.
    44 | D        | Found a shadowy altar of Dithmenos.
    44 | D        | Found a snail-covered altar of Cheibriados.
    47 | D        | Found a corrupted altar of Lugonu.
    47 | D        | Found a radiant altar of Vehumet.
    47 | D        | Found a roughly hewn altar of Beogh.
    48 | D        | Found an ancient bone altar of Kikubaaqudgha.
    48 | D        | Found a hide-covered altar of Uskayaw.
    48 | D        | Found a broken altar of Ashenzari.
    55 | D        | Became a worshipper of Cheibriados the Contemplative
    76 | D        | Reached skill level 5 in Earth Magic
    76 | D        | Reached XP level 2. HP: 19/19 MP: 0/5
    79 | D        | Reached * piety under Cheibriados
   236 | D        | Noticed a floating eye
   247 | D        | Reached skill level 7 in Earth Magic
   249 | D        | Killed a floating eye
   250 | D        | Reached XP level 3. HP: 28/28 MP: 5/8
   250 | D        | Reached XP level 4. HP: 34/34 MP: 5/9
   250 | D        | Reached XP level 5. HP: 39/39 MP: 5/10
   296 | D        | Reached ** piety under Cheibriados
   307 | D        | Reached *** piety under Cheibriados
   308 | D        | Reached skill level 8 in Earth Magic
   354 | D        | Learned a level 3 spell: Stone Arrow
   360 | D        | Learned a level 5 spell: Lee's Rapid Deconstruction
   500 | D        | Reached **** piety under Cheibriados
   501 | D        | Reached skill level 9 in Earth Magic
   631 | D        | Reached XP level 6. HP: 46/46 MP: 10/12
   655 | D        | Reached ***** piety under Cheibriados
   656 | D        | Reached skill level 5 in Spellcasting
   656 | D        | Reached skill level 10 in Earth Magic
   656 | D        | Reached skill level 5 in Invocations
   663 | D        | Reached skill level 11 in Earth Magic
   663 | D        | Reached XP level 7. HP: 43/51 MP: 3/15
   802 | D        | Reached ****** piety under Cheibriados
   803 | D        | Reached skill level 5 in Long Blades
   938 | D        | Noticed an unseen horror
   939 | D        | Killed an unseen horror
   940 | D        | Reached skill level 13 in Earth Magic
   940 | D        | Reached XP level 8. HP: 57/57 MP: 11/19
  1027 | D        | Noticed a manticore
  1027 | D        | Noticed a deep elf mage
  1030 | D        | Killed a deep elf mage
  1031 | D        | Reached skill level 14 in Earth Magic
  1031 | D        | Reached XP level 9. HP: 62/62 MP: 5/21
  1031 | D        | Killed a manticore
  1032 | D        | Reached skill level 15 in Earth Magic
  1032 | D        | Reached skill level 10 in Invocations
  1182 | D        | Got the +2 scimitar of Tenacity {drain, +Inv Str+2 SInv}
  1248 | D        | Noticed Erolcha
  1252 | D        | Killed Erolcha
  1253 | D        | Reached skill level 16 in Earth Magic
  1253 | D        | Reached XP level 10. HP: 68/68 MP: 8/23
  1378 | D        | Reached skill level 10 in Spellcasting
  1385 | D        | Noticed an ice devil
  1397 | D        | Killed an ice devil
  1668 | D        | Noticed an ice devil
  1668 | D        | Noticed a cyclops
  1668 | D        | Noticed Psyche
  1691 | D        | Noticed a cane toad
  1691 | D        | Noticed a skeletal warrior
  1693 | D        | Killed a cane toad
  1694 | D        | Reached skill level 10 in Long Blades
  1694 | D        | Reached skill level 17 in Earth Magic
  1705 | D        | Noticed a skeletal warrior
  1709 | D        | Noticed a skeletal warrior
  1710 | D        | Killed a skeletal warrior
  1712 | D        | Noticed a skeletal warrior
  1720 | D        | Killed a skeletal warrior
  1721 | D        | Killed a skeletal warrior
  1722 | D        | Reached skill level 18 in Earth Magic
  1722 | D        | Reached XP level 11. HP: 37/74 MP: 5/26
  1722 | D        | Killed a skeletal warrior
  1876 | D        | Noticed a skeletal warrior
  1878 | D        | Killed a skeletal warrior
  1939 | D        | Killed Psyche
  1942 | D        | Killed a cyclops
  1943 | D        | Reached skill level 19 in Earth Magic
  2044 | D        | Learned a level 4 spell: Petrify
  2166 | D        | Noticed a nagaraja
  2166 | D        | Noticed a vampire knight
  2166 | D        | Noticed an orc knight
  2166 | D        | Noticed an orc sorcerer
  2184 | D        | HP: 2/75 [troll (6)]
  2185 | D        | Killed from afar by a nagaraja

Illustrated notes

Levels and vault maps discovered:
D:        pitsprint [storerooms_1, entrance_room_1, metal_vault_4, armoury_1,
          mini_pit_1, grid_room_1, main_hall_1, silver_pit, the_coven_1,
          the_vestibule_1, steel_vault_3, golden_pit, hallway_of_sentries,
          crystal_vault_4, iron_vault_5, final_vault]

Skill      XL: |  1  2  3  4  5  6  7  8  9 10 11 |
---------------+----------------------------------+-----
Earth Magic    | 5 7 9 11 13 14 16 18 19 | 19.0
Fighting       | 2 3 |  3.0
Long Blades    | 2 4 6 7 9 10 11 | 11.5
Armour         | 2 3 |  3.0
Dodging        | 3 |  3.3
Stealth        | 4 |  4.5
Spellcasting   | 3 4 5 7 8 9 11 12 | 12.0
Invocations    | 3 4 6 8 9 11 12 13 | 13.6
Transmutations | |  1.1
Evocations     | |  0.8

Action                   |  1- 3 |  4- 6 |  7- 9 | 10-12 || total
-------------------------+-------+-------+-------+-------++-------
Melee: Falchion          |     7 |     9 |     5 |       ||    21
       Long sword        |       |       |       |     9 ||     9
 Cast: Sandblast         |     5 |    13 |     4 |     2 ||    24
       Lee's Rapid Decon |       |       |    10 |    26 ||    36
Invok: Slouch            |       |     1 |       |       ||     1
  Use: Potion            |       |       |       |     2 ||     2
Armor: Robe              |     3 |     5 |     1 |     3 ||    12
Dodge: Dodged            |     2 |     7 |     5 |    20 ||    34
       Rpst.: Falchion   |     1 |     4 |     1 |       ||     6
       Long sword        |       |       |       |     5 ||     5

Table legend: (Time is in decaauts)
 A = Elapsed time spent in this place.
 B = Non-inter-level travel time spent in this place.
 C = Inter-level travel time spent in this place.
 D = Time resting spent in this place.
 E = Time spent auto-exploring this place.
 F = Levels seen in this place.
 G = Mean time per level.
                   A        B        C        D        E       F      G
               +--------+--------+--------+--------+--------+-----+--------+
         Total |   2501 |   2501 |      0 |   1591 |      0 |   1 | 2501.0 |
       Dungeon |   2501 |   2501 |      0 |   1591 |      0 |   1 | 2501.0 |
               +--------+--------+--------+--------+--------+-----+--------+

Top non-repeatable levels by time:
       D: 2501 daAuts
